Unix NetHack Version 5.0.0-0 post-release - last build May 31 2026 23:59:36 (970b52f25bf058293b47ddfd14a1e40e571c508c,branch:main).

Game began 2026-06-05 04:24:05, ended 2026-06-05 05:39:13.

Enkindle23, lawful male human Caveman

                   --.
                   ....
                    ....
                    -.G..
          ...       |....
          .<.--------.h..
          ........).).@).
           ....------%...
            ...-    --..
             ...

Enkindle23 the Wanderer  St:17 Dx:14 Co:18 In:9 Wi:9 Ch:8  Lawful
Dlvl:9  $:28 HP:0(68) Pw:29(29) AC:7  Xp:7 T:2142  Satiated

Latest messages:
 The gnome lord hits!
 You hit the gnome lord.
 The gnome lord turns to flee.
 You hit the gnome lord.
 The gnome throws a dart!
 The dart misses the bugbear.
 The dart misses the gnome.
 The dart hits the gnome lord.
 The gnome lord is killed!
 The gnome shoots an arrow!
 The arrow misses the gnome.
 You are hit by an arrow.
 The gnome misses!
 You kill the gnome!
 The gnome picks up an orange gem.
 You kill the gnome!
 You see here an orange gem.
 You hear crashing rock.
 The gnome lord picks up an orange gem.
 You hit the gnome lord.
 The gnome lord hits!
 You hear crashing rock.
 You hit the gnome lord.
 You hit the gnome lord.
 The gnome lord hits!
 The gnome throws a dart!
 The dart hits the gnome lord.
 The gnome lord is killed!
 The gnome picks up a dart.
 You kill the gnome!
 There are several objects here.
 You kill the gnome!
 The bugbear swings his thonged club.
 The bugbear hits!
 You hit the bugbear.
 You miss the bugbear.
 The bugbear swings his thonged club.
 The bugbear hits!
 You hit the bugbear.
 The bugbear swings his thonged club.
 The bugbear hits!
 You hit the bugbear.
 The bugbear swings his thonged club.
 The bugbear hits!
 You die...
 Do you want your possessions identified? [ynq] (y) y
 Do you want to see your attributes? [ynq] (y) y
 Do you want an account of creatures vanquished? [ynaq] (y) y
 Do you want to see your conduct and achievements? [ynq] (y) y
 Do you want to see the dungeon overview? [ynq] (y) q

Inventory:
 Coins    ('$')
  $ - 28 gold pieces
 Weapons  (')')
  S - 3 +0 darts
  R - 7 +0 daggers
 Armor    ('[')
  t - an uncursed rusty +0 dwarvish iron helm (being worn)
  e - a blessed +0 leather armor (being worn)
 Comestibles  ('%')
  y - an uncursed candy bar labeled "Chocolate Nuggie"
  z - an uncursed cream pie
  h - an uncursed tripe ration
  L - an uncursed lizard corpse
 Wands    ('/')
  O - a wand of slow monster (0:5)
 Tools    ('(')
  V - an uncursed leash
  X - an uncursed lock pick
  o - an uncursed tin whistle
  N - a +0 unicorn horn
 Gems/Stones  ('*')
  U - an uncursed chrysoberyl stone
  E - an uncursed emerald
  q - 3 uncursed worthless pieces of black glass
  x - an uncursed worthless piece of orange glass
  w - 2 uncursed worthless pieces of yellow glass
  W - an uncursed worthless piece of yellowish brown glass
  c - 9 uncursed flint stones (in quiver pouch)
  m - an uncursed luckstone

Enkindle23 the Caveman's attributes:

Background:
 You were a Wanderer, a level 7 human Caveman.
 You were lawful, on a mission for Anu
 who was opposed by Ishtar (neutral) and Anshar (chaotic).
 You were right-handed.
 You were in the Gnomish Mines, on level 9.
 You entered the dungeon 2142 turns ago.
 It was nighttime.
 You had 750 experience points, 530 more were needed to attain level 8.

Basics:
 You had 0 out of 68 hit points.
 You had all 29 energy points (spell power).
 Your armor class was 7.
 Your wallet contained 28 zorkmids.
 Autopickup was off.

Final Characteristics:
 Your strength was 17 (limit:18/100).
 Your dexterity was 14 (limit:18).
 Your constitution was 18 (limit:18).
 Your intelligence was 9 (limit:18).
 Your wisdom was 9 (limit:18).
 Your charisma was 8 (limit:18).

Final Status:
 You were satiated.
 You were unencumbered.
 You were bare handed.
 You had basic skill with bare handed combat.

Final Attributes:
 You were piously aligned.
 You were warded.
 You were fast.
 You were very lucky.
 You had extra luck.
 Bad luck did not time out for you.
 Good luck did not time out for you.
 You are dead.

Miscellaneous:
 You didn't encounter any bones levels.
 Total elapsed playing time was 1 hour, 15 minutes and 7 seconds.

Major events:
 Turn
    1: Enkindle23 the lawful human Caveman entered the dungeon
  204: entered the Gnomish Mines
  301: attained the rank of Aborigine (level 3)
  782: reached Mine Town
  902: attained the rank of Wanderer (level 6)
 2142: killed by a bugbear

You didn't know any spells.

Skills:
 Fighting Skills
   bare handed combat [Basic]
 Weapon Skills
   dagger             [Unskilled]
   knife              [Unskilled]
   axe                [Unskilled]
   pick-axe           [Unskilled]
   club               [Skilled]
   mace               [Unskilled]
   morning star       [Unskilled]
   flail              [Unskilled]
   hammer             [Unskilled]
   quarterstaff       [Unskilled]
   polearms           [Unskilled]
   spear              [Unskilled]
   trident            [Unskilled]
   bow                [Unskilled]
   sling              [Basic]
   boomerang          [Unskilled]
   unicorn horn       [Unskilled]
 Spellcasting Skills
   attack spells      [Unskilled]
   matter spells      [Unskilled]

Voluntary challenges:
 Character rerolling was not enabled.
 You never genocided any monsters.
 You never polymorphed an object.
 You never changed form.
 You used no wishes.
Achievements:
 You entered the Gnomish Mines.
 You attained the rank of Aborigine.
 You entered Minetown.
 You entered a shop.
 You entered a temple.
 You attained the rank of Wanderer.

 The Dungeons of Doom: levels 1 to 4
    Level 1:
    Level 2:
    Level 3:
       A fountain, a grave.
    Level 4:
       Stairs down to The Gnomish Mines.
 The Gnomish Mines: levels 5 to 9
    Level 5:
    Level 6:
    Level 7:
       Many shops, a temple and an altar to Anu, some fountains.
    Level 8:
    Level 9: <- You were here.
       Final resting place for
          you, killed by a bugbear.


Vanquished creatures:
  a small mimic
  a winter wolf cub
  a brown pudding
  a lizard
  a jaguar
  a black unicorn
  4 Mordor orcs
  a rock piercer
  6 gnome leaders
  3 gnomish wizards
  a kobold mummy
 an elf zombie
  a floating eye
  a dwarf
  a kobold shaman
  a wererat
  a yellow mold
 35 gnomes
  a fox
  a goblin
  5 sewer rats
  a grid bug
  2 lichens
  2 newts
74 creatures vanquished.

No species were genocided or became extinct.

Game over:
                       ----------
                      /          \
                     /    REST    \
                    /      IN      \
                   /     PEACE      \
                  /                  \
                  |    Enkindle23    |
                  |      28 Au       |
                  |   killed by a    |
                  |     bugbear      |
                  |                  |
                  |                  |
                  |       2026       |
                 *|     *  *  *      | *
        _________)/\\_//(\/(/\)/\//\/|_)_______

Goodbye Enkindle23 the Caveman...

You died in The Gnomish Mines on dungeon level 9 with 3446 points,
and 28 pieces of gold, after 2142 moves.
You were level 7 with a maximum of 68 hit points when you died.

